cohdb
Replays
Latest Replays
All Replays
Popular Replays
Top Player Replays
Match Explorer
How It Works
Community
CoH3 Stats
Reddit
Sign in to upload your games and track your stats! →
Sign in with Steam
Match 41285015
Unlisted
Match 41285015
Overview
Messages
Build Orders
End
Scout Squad
Construct Weapon Support Center
M1919 Machine Gun Team
M1919 Machine Gun Team
Construct Barracks
M1 Mortar Team
Air Support Center
Selects Heavy Weapons
Selects Heavy Weapons
Selects Assault Carriers
Selects M2HB .50cal Heavy Machine Gun
Engineer Squad
Grasshopper Recon Run
Engineer Squad
M3 Armored Personnel Carrier
M3 Armored Personnel Carrier
Grasshopper Recon Run
Selects Assault Carriers
Selects Exchangeable Parts
1⁄4-ton 4x4 Truck
Bazooka Squad
Construct Tank Depot
M4(105) Sherman Bulldozer
Engineer Squad
P-47 Strafing Run
M1919 Machine Gun Team
P-47 Strafing Run
P-47 Dive Bomb
Grasshopper Recon Run
M1919 Machine Gun Team
Selects M26 Pershing Heavy Tank
M26 Pershing Heavy Tank
Grasshopper Recon Run
P-47 Dive Bomb
M4A1 Sherman Medium Tank
P-47 Strafing Run
Grasshopper Recon Run
P-47 Strafing Run
P-47 Dive Bomb
Double Sortie
Particycles
banksss33
ドルーギー
infarkt48
馬的小霸王
Hu®®ama™
0
0
Comments
sign in to comment!
No comments posted yet!